[Event "Elitserien Allsvenskan 2019-20"]
[Site "Lund"]
[Date "2020.02.01"]
[Round "5.4"]
[White "Smith, Axel"]
[Black "Alle Wahlin, Ambjorn"]
[Result "0-1"]
[ECO "D37"]
[WhiteElo "2469"]
[BlackElo "2257"]
[Annotator "ChessBase"]
[PlyCount "74"]
[EventDate "2019.10.18"]
[EventType "team-tourn"]
[EventCountry "SWE"]
[SourceTitle "playchess.com"]
[Source "ChessBase"]
[SourceQuality "1"]
[TimeControl "40/5400+30:1800+30"]

1. d4 d5 2. c4 e6 3. Nc3 a6 4. cxd5 exd5 5. Nf3 Nf6 6. Bg5 Be6 7. e3 Nbd7 8. Bd3 h6 9. Bh4 g5 10. Bg3 Nh5 11. Be5 Ng7 12. h3 Nxe5 13. Nxe5 Bd6 14. Qf3 c6 15. Rc1 Qe7 16. a3 h5 17. Qe2 Bf5 18. e4 dxe4 19. Nxe4 Bxe4 20. Bxe4 Kf8 21. O-O Ne6 22. Qe3 Rd8 23. Rfd1 Kg7 24. Qc3 Qf6 25. Nc4 Bf4 26. Ne3 Rhe8 27. d5 Be5 28. Qe1 Nd4 29. g3 cxd5 30. Nxd5 Nf3+ 31. Bxf3 Qxf3 32. Qe3 Qf5 33. Qb3 Qxh3 34. Rd3 h4 35. Re1 hxg3 36. fxg3 Bd4+ 37. Rxd4 Rxe1+ 0-1

[Event "Elitserien Allsvenskan 2019-20"]
[Site "Lund"]
[Date "2020.02.01"]
[Round "5.8"]
[White "Dragicevic, Drazen"]
[Black "Lundstedt, Peter"]
[Result "1-0"]
[ECO "A14"]
[WhiteElo "2286"]
[BlackElo "2088"]
[Annotator "NA"]
[PlyCount "89"]
[EventDate "2019.10.18"]
[EventType "team-tourn"]
[EventCountry "SWE"]
[SourceTitle "playchess.com"]
[Source "ChessBase"]
[SourceQuality "1"]
[TimeControl "40/5400+30:1800+30"]

1. Nf3 d5 2. g3 Nf6 3. Bg2 e6 4. O-O Be7 5. c4 O-O 6. b3 c5 7. cxd5 Nxd5 8. Bb2 Bf6 {[%emt 0:00:56] A14: English Opening: 1...e6 with b3 by White} 9. d4 Nc6 10. e4 Nc7 11. e5 Be7 12. dxc5 Bxc5 13. Qc2 Qe7 14. a3 {[%emt 0:13:10] [#]} Bd7 $146 ({Predecessor:} 14... a5 15. Nbd2 Nb5 16. Ne4 Bd4 17. Nxd4 Nbxd4 18. Qc4 b5 19. Qd3 Rd8 20. Nd6 Ba6 21. Bxd4 {1-0 (26) Varnam,L (2124)-Flear,C (2181) Daventry 2014}) 15. Nbd2 Nd5 16. Ne4 Bb6 17. Rad1 f6 18. exf6 gxf6 19. Rfe1 Qg7 20. Nc5 Bxc5 21. Qxc5 Rac8 $18 22. Qd6 Rfe8 23. Bh3 Rcd8 24. Kh1 Bc8 25. Qc5 Qf8 26. Qc4 Qh6 27. Bg2 Kf7 28. b4 Nb6 29. Qb3 Nd5 30. b5 Nce7 31. Nd4 e5 32. Nf3 Be6 33. Qa4 Ra8 34. Re4 a6 35. Rh4 Qg7 36. Re4 Qh6 37. Rde1 Ng6 38. b6 Rad8 39. Qa5 Rd6 40. Nh4 Nge7 41. Bc1 Qg7 42. f4 Nc6 43. Qc5 Red8 44. Bb2 R8d7 45. f5 1-0

[Event "Elitserien Allsvenskan 2019-20"]
[Site "Lund"]
[Date "2020.02.01"]
[Round "5.9"]
[White "Gdanski, Jacek"]
[Black "Hector, Jonny"]
[Result "1-0"]
[ECO "A09"]
[WhiteElo "2482"]
[BlackElo "2481"]
[Annotator "ChessBase"]
[PlyCount "65"]
[EventDate "2019.10.18"]
[EventType "team-tourn"]
[EventCountry "SWE"]
[SourceTitle "playchess.com"]
[Source "ChessBase"]
[SourceQuality "1"]
[TimeControl "40/5400+30:1800+30"]

1. Nf3 d5 2. c4 d4 3. g3 Nc6 4. Bg2 e5 5. d3 Nf6 6. O-O Bd6 7. a3 a5 8. e3 O-O 9. exd4 exd4 10. Bg5 h6 11. Bxf6 Qxf6 12. Nbd2 Bf5 13. Qb3 Bc5 14. Nh4 Bd7 15. Ne4 Qe7 16. Nxc5 Qxc5 17. Qxb7 Rfb8 18. b4 Qf8 19. Qxc7 Ra7 20. Qf4 g5 21. Qf6 gxh4 22. Bxc6 Bxc6 23. Qxc6 axb4 24. axb4 Rxa1 25. Rxa1 Rxb4 26. Qe4 hxg3 27. hxg3 Qd6 28. Ra8+ Kg7 29. Qg4+ Kf6 30. Rd8 Rb1+ 31. Kg2 Qc6+ 32. Rd5 Re1 33. Qf3+ 1-0

[Event "Elitserien Allsvenskan 2019-20"]
[Site "Lund"]
[Date "2020.02.01"]
[Round "5.11"]
[White "Gajic, Mladen"]
[Black "Jepson, Christian"]
[Result "1/2-1/2"]
[ECO "B09"]
[WhiteElo "2295"]
[BlackElo "2384"]
[Annotator "NA"]
[PlyCount "69"]
[EventDate "2019.10.18"]
[EventType "team-tourn"]
[EventCountry "SWE"]
[SourceTitle "playchess.com"]
[Source "ChessBase"]
[SourceQuality "1"]
[TimeControl "40/5400+30:1800+30"]

1. d4 d6 2. e4 Nf6 3. Nc3 g6 4. f4 Bg7 5. e5 Nfd7 6. Be3 {[%emt 0:29:19] B09: Pirc Defence: Austrian Attack} c5 7. e6 (7. exd6 $11 exd6 8. Qd2) 7... fxe6 8. dxc5 {[%emt 0:00:24] [#]} Nxc5 $146 ({Predecessor:} 8... d5 9. Nf3 Nc6 10. Bb5 Nf6 11. Qe2 O-O 12. Bxc6 bxc6 13. Bd4 Nh5 14. g3 Qa5 {1-0 (40) Vogler,T (2295)-Dizdarevic,M Wiesbaden 1993}) 9. Bxc5 dxc5 10. Qxd8+ Kxd8 11. O-O-O+ Kc7 12. Nf3 Nc6 13. g3 Bxc3 14. bxc3 e5 15. Nxe5 Nxe5 16. fxe5 Be6 17. Be2 Rhf8 ({Reject} 17... Bxa2 18. c4 $11) 18. Bd3 Rf3 19. Rdf1 Raf8 20. Rxf3 Rxf3 21. Kd2 Bd5 ({But not} 21... Bxa2 $6 22. c4 $14) 22. Rf1 Rxf1 23. Bxf1 $11 Kd7 24. c4 Be4 25. Bd3 Bxd3 26. Kxd3 Kc6 27. Ke4 e6 28. Kd3 a6 29. Kc3 b5 30. Kb3 Kb6 31. Kc3 Kc7 32. cxb5 axb5 33. Kb3 Kc6 34. c4 b4 35. a3 1/2-1/2

[Event "Elitserien Allsvenskan 2019-20"]
[Site "Lund"]
[Date "2020.02.01"]
[Round "5.14"]
[White "Kabadayi, Can"]
[Black "Ornstein, Axel"]
[Result "1-0"]
[ECO "A62"]
[WhiteElo "2195"]
[BlackElo "2284"]
[Annotator "ChessBase"]
[PlyCount "63"]
[EventDate "2019.10.18"]
[EventType "team-tourn"]
[EventCountry "SWE"]
[SourceTitle "playchess.com"]
[Source "ChessBase"]
[SourceQuality "1"]
[TimeControl "40/5400+30:1800+30"]

1. d4 Nf6 2. c4 e6 3. g3 c5 4. d5 exd5 5. cxd5 d6 6. Nc3 g6 7. Bg2 Bg7 8. Nf3 O-O 9. O-O a6 10. a4 Re8 11. Bf4 Ne4 12. Nxe4 Rxe4 13. Nd2 Rb4 14. b3 Bxa1 15. Qxa1 Rxf4 16. gxf4 Nd7 17. Ne4 Qe7 18. Rd1 f5 19. Ng5 Nf6 20. Rd3 Bd7 21. Re3 Qf8 22. Ne6 Bxe6 23. dxe6 Qe7 24. Bxb7 Rb8 25. Bxa6 d5 26. Qe5 Rb6 27. Bb5 Ng4 28. Qxd5 Rd6 29. Qf3 Nxe3 30. Qxe3 Rd4 31. Bc4 Re4 32. Qd2 1-0

[Event "Elitserien Allsvenskan 2019-20"]
[Site "Lund"]
[Date "2020.02.01"]
[Round "5.15"]
[White "Malesevic, Nedeljko"]
[Black "Tadjerbashi, Amir"]
[Result "0-1"]
[ECO "D48"]
[WhiteElo "2257"]
[BlackElo "2199"]
[Annotator "NA"]
[PlyCount "76"]
[EventDate "2019.10.18"]
[EventType "team-tourn"]
[EventCountry "SWE"]
[SourceTitle "playchess.com"]
[Source "ChessBase"]
[SourceQuality "1"]
[TimeControl "40/5400+30:1800+30"]

1. d4 d5 2. c4 e6 3. Nf3 c6 4. e3 Nf6 5. Nc3 Nbd7 6. Bd3 dxc4 7. Bxc4 b5 8. Bd3 a6 9. O-O c5 10. b3 Bb7 11. Bb2 cxd4 12. exd4 {[%emt 0:01:49] D48: Semi-Slav: Meran System: 7...b5 8 Bd3 a6} Be7 13. Re1 O-O 14. Rc1 Nb6 15. Ne4 Nxe4 16. Bxe4 Bxe4 17. Rxe4 Nd5 18. Ne5 {[%emt 0:02:24] [#]} Bd6 $146 ({Predecessor:} 18... Bg5 19. Rc5 Qa5 20. a3 Qd2 21. Qxd2 Bxd2 22. Re2 Bf4 23. g3 Bxe5 24. dxe5 Rfc8 {½-½ (32) Rawat,R (2004)-Sharma,D (2382) New Delhi 2007}) 19. Nd3 Qe7 20. Nc5 Rfd8 21. Qf3 Rac8 22. Nd3 Ba3 23. Qe2 $19 (23. Rxc8 $17 Rxc8 24. Qe2) 23... Rxc1+ 24. Nxc1 Bxb2 25. Qxb2 Qd6 26. Ne2 Nf6 27. Re3 e5 28. f3 exd4 29. Rd3 Qe5 30. g3 Re8 31. Nxd4 Qe1+ 32. Kg2 Nd5 33. Qd2 Ne3+ 34. Kh3 Qf1+ 35. Kh4 Re4+ 36. g4 Rxg4+ 37. fxg4 Qf6+ 38. g5 Qf4+ 0-1

[Event "Elitserien Allsvenskan 2019-20"]
[Site "Lund"]
[Date "2020.02.01"]
[Round "5.16"]
[White "Nylen, Anders"]
[Black "Gustafsson, Fredrik"]
[Result "1/2-1/2"]
[ECO "D85"]
[WhiteElo "2188"]
[BlackElo "2089"]
[Annotator "NA"]
[PlyCount "100"]
[EventDate "2019.10.18"]
[EventType "team-tourn"]
[EventCountry "SWE"]
[SourceTitle "playchess.com"]
[Source "ChessBase"]
[SourceQuality "1"]
[TimeControl "40/5400+30:1800+30"]

1. d4 Nf6 2. c4 g6 3. Nc3 d5 4. cxd5 Nxd5 5. e4 Nxc3 6. bxc3 Bg7 7. Nf3 c5 8. Rb1 O-O 9. Be2 cxd4 10. cxd4 Nc6 11. d5 Na5 12. O-O {[%emt 0:02:19] D85: Exchange Grünfeld: Unusual White 7th moves and lines with 7 Nf3} e6 {[%emt 0:06:38] [#]} 13. Ba3 $146 ({Predecessor:} 13. Bg5 f6 14. Bh4 exd5 15. exd5 b6 16. Bg3 Nb7 17. d6 f5 18. Ba6 Qd7 19. Bh4 f4 20. Be7 Rf5 21. Qd2 Na5 22. Bxc8 Rxc8 23. Rbc1 Rcc5 24. Rxc5 Rxc5 25. Qxf4 Nc6 26. Re1 Rf5 {1-0 (26) Ruzafa Sanchez,J (1834)-Gercowski Tuchszer,L (1753) Eivissa 2018}) 13... Re8 14. d6 e5 {[%emt 0:01:21] [#]} (14... Bd7 $16) 15. Qd2 $1 Bd7 16. Rfd1 Rb8 17. Qe3 Nc6 18. Qc5 Qf6 19. Rd2 Rec8 20. Qb5 $11 Rd8 21. Qc5 g5 22. h3 h5 23. Nh2 Qg6 24. Rdb2 b6 25. Qe3 Nd4 26. Ba6 g4 27. h4 Bc6 28. Re1 Bf8 29. f4 gxf3 30. Nxf3 Nxf3+ 31. Qxf3 Bxd6 32. Bxd6 Rxd6 33. Bc4 Rf6 34. Qc3 Re8 35. Bd5 Bxd5 36. exd5 e4 37. Re3 Rf4 38. Rf2 Rg4 39. Qc7 Qg7 40. d6 Qa1+ 41. Rf1 Qg7 42. Rf2 Rf8 43. Qc4 Rd8 44. d7 Qf8 45. Qd5 Qe7 46. Qxh5 Qxd7 47. Rf5 Rg6 48. Rxe4 Qd1+ 49. Qxd1 Rxd1+ 50. Rf1 Rgd6 1/2-1/2

[Event "Elitserien Allsvenskan 2019-20"]
[Site "Lund"]
[Date "2020.01.31"]
[Round "6.1"]
[White "Kulaots, Kaido"]
[Black "Jepson, Christian"]
[Result "1-0"]
[ECO "B07"]
[WhiteElo "2510"]
[BlackElo "2384"]
[Annotator "RC"]
[PlyCount "67"]
[EventDate "2019.10.18"]
[EventType "team-tourn"]
[EventCountry "SWE"]
[SourceTitle "playchess.com"]
[Source "ChessBase"]
[SourceQuality "1"]
[TimeControl "40/5400+30:1800+30"]

1. e4 d6 2. d4 Nf6 3. f3 c5 4. d5 e6 5. c4 Be7 6. Nc3 O-O 7. Bd3 exd5 8. cxd5 a6 9. Nge2 Nbd7 10. O-O Ne5 11. Bc2 b5 12. f4 Nc4 13. Qd3 g6 14. a4 Bd7 15. Ng3 Ne8 16. b3 Nb6 17. e5 f5 18. a5 c4 19. Qd4 cxb3 20. Bxb3 Nc4 21. Bxc4 bxc4 22. Be3 Nc7 23. Qxc4 Nb5 24. Na4 Rc8 25. Qd3 dxe5 26. fxe5 Be6 27. Nb6 Rc3 28. Qd2 f4 29. Rxf4 Rxf4 30. Bxf4 Bc5+ 31. Kh1 Bxb6 32. axb6 Qxd5 33. b7 Qxb7 34. Qd8+ 1-0